federica, neutral female human Monk --- --------- |. ....... ----------- |.- ----.....- |........<| |.| |%!|.....|0 |.........| |.| |%%|.....| |.........| |.| ..|.....+ |..........# |.| --|-.....-----+-- --- | -----------#######..-+---+---.....................| |...........)){..%...{..........| |.---+--+--....---%-- ..........| |.| ----.|....| ----+---- | |.| +.|....| |.| |.|.@[.| |.| 0|.|.@..| |.- -.------ |. . --- --- federica the Initiate Experience level: 7 Strength: 18/01 Dexterity: 13 Constitution: 12 Intelligence: 12 Wisdom: 11 Charisma: 8 Health: 0(42) Energy: 32(32) AC: 1 Gold: 309 Moves: 1329 Your Inventory: Coins $ - 309 gold pieces Weapons A - an uncursed [+0] sling [of detonation] Armor a - an uncursed +2 pair of leather gloves (being worn) b - an uncursed +1 robe (being worn) o - an uncursed [+0] elven mithril-coat B - a blessed +1 pair of iron shoes (being worn) Comestibles f - 4 uncursed food rations g - 5 uncursed apples h - 5 uncursed oranges i - 3 uncursed fortune cookies v - an [uncursed] cream pie Scrolls d - an uncursed scroll of gold detection y - an uncursed scroll labeled ZLORFIK [of teleportation] H - an uncursed scroll labeled AQUE BRAGH [of punishment] Potions e - 3 uncursed potions of healing n - an uncursed orange potion [of restore ability] w - a blessed black potion [of hallucination] E - an uncursed clear potion [of water] Rings l - an uncursed amber ring [of conflict] (on right hand) Wands q - an [uncursed] wand of speed monster [0:4] s - an [uncursed] wand of striking [0:5] Tools C - an [uncursed tallow] candle D - an [uncursed] pair of lenses I - an [uncursed wax] candle Gems m - an [uncursed] yellowish brown gem [worthless glass] u - an [uncursed] blue gem [worthless glass] x - an [uncursed] orange gem [worthless glass] Spells known in the end: Name Level Category Fail Memory a - healing 1 healing 0% [||||||||] Your skills at the end: Fighting Skills martial arts [Basic / Grand Master] Weapon Skills Spellcasting Skills healing spells [Basic / Expert] Final Attributes: You were devoutly aligned. Hunger level was 562. Your alignment was 16 / 16. Monster difficulty range was 1 - 7. Level difficulty was 7. You were immune to sleep. You were immune to poison. You saw invisible. You were warned. You were stealthy. You caused conflict. You were fast. Your luck was zero. You are dead. Vanquished creatures: 4 gnome lords a gnomish wizard 2 gray oozes 4 dwarves a kobold lord a hill orc a rothe a giant bat a wererat 5 hobbits 22 gnomes 2 geckos 2 jackals 3 goblins a lichen a newt 52 creatures vanquished. Voluntary challenges: You were vegetarian. You never hit with a wielded weapon. You read items or engraved 5 times. You put on armor 3 times. You never genocided any monsters. You never polymorphed an object. You never changed form. You used no wishes. You wrote Elbereth's name 4 times. You never encountered a bones level. You never used any Sokoban shortcuts. Dungeon overview: The Dungeons of Doom: levels 1 to 4 Level 1 an altar, a fountain a long staircase Level 3 stairs to The Gnomish Mines Level 4 some fountains The Gnomish Mines: levels 4 to 7 Level 4 stairs to The Dungeons of Doom Level 7 <- You were here a delicatessen, a temple, a magic chest, some fountains History has recorded: On T:1 you entered the Dungeons of Doom to retrieve the Amulet of Yendor! On T:11 you reached level 2 of The Dungeons of Doom. On T:346 you reached level 3 of The Dungeons of Doom. On T:348 you advanced to experience level 2. On T:403 you advanced to experience level 3. On T:517 you reached level 4 of The Dungeons of Doom. On T:978 you reached level 1 of The Gnomish Mines. On T:983 you advanced to experience level 4. On T:1005 you advanced to experience level 5. On T:1050 you advanced to experience level 6. On T:1110 you reached level 2 of The Gnomish Mines. On T:1158 you reached level 3 of The Gnomish Mines. On T:1201 you advanced to experience level 7. On T:1290 you reached level 4 of The Gnomish Mines. Latest messages: [HP+1=39] You finish wearing a blessed +1 pair of iron shoes. [2 turns] Never mind. An uncursed pair of iron shoes lands on the altar. You carefully open the magic chest... You put an uncursed dog eared spellbook into the magic chest. You put a blessed spellbook of healing into the magic chest. You put an uncursed psychedelic spellbook into the magic chest. You put an uncursed crimson spellbook into the magic chest. You wear an uncursed amber ring (on right hand). The priest of Huan Ti wields a mace! The priest of Huan Ti kicks! The priest of Huan Ti casts a spell at you! Severe wounds appear on your body! The priest of Huan Ti swings his mace. The priest of Huan Ti hits! You die... Final status: Punardarsanaya federica the Monk... You died in The Gnomish Mines on dungeon level 7 with 2079 points, and 309 pieces of gold, after 1329 moves. You were level 7 with a maximum of 42 hit points when you died.